 Dungeon Crawl Stone Soup version 0.25-a0-1079-g858b6a6ff6 (webtiles) character file.

Game seed: 7753394446252623803, levelgen mode: classic

345 Amnesiac the Ducker (level 6, 0/38 HPs)
             Began as a Deep Elf Fighter on May 15, 2020.
             Slain by an ogre
             ... wielding a +0 giant club
              (27 damage)
             ... on level 4 of the Dungeon.
             The game lasted 00:07:33 (3818 turns).

Amnesiac the Ducker (Deep Elf Fighter)              Turns: 3818, Time: 00:07:34

Health: 0/38       AC: 10    Str: 15    XL:     6   Next: 32%
Magic:  8/8        EV:  5    Int: 13    God:
Gold:   140        SH:  8    Dex: 14    Spells: 5/5 levels left

rFire    . . .     SeeInvis .   a - +0 morningstar
rCold    . . .     Gourm    .   c - +0 kite shield
rNeg     . . .     Faith    .   i - +0 chain mail
rPois    +         Spirit   .   t - +0 helmet
rElec    .         Reflect  .   (no cloak)
rCorr    .         Harm     .   (no gloves)
MR       .....                  (no boots)
Stlth    ..........             (no amulet)
HPRegen  0.12/turn              k - ring of poison resistance
MPRegen  0.11/turn              (no ring)

@: no status effects
A: no striking features
a: no special abilities


You were on level 4 of the Dungeon.
You were not hungry.

You visited 1 branch of the dungeon, and saw 4 of its levels.

You collected 140 gold pieces.

Inventory:

Hand Weapons
 a - a +0 morningstar (weapon)
 b - a +0 hunting sling
 p - a +0 war axe
 s - a +4 hand axe of flaming
Missiles
 m - 100 stones
 y - 15 poisoned darts (quivered)
Armour
 c - a +0 kite shield (worn)
 i - a +0 chain mail (worn)
 t - a +0 helmet (worn)
Jewellery
 k - a ring of poison resistance (left hand)
 v - a cursed ring of teleportation {unknown}
Scrolls
 e - 2 scrolls of amnesia {!r, unknown}
 j - 3 scrolls of remove curse {!r, unknown}
 l - 3 scrolls of identify {!r, unknown}
 o - 3 scrolls of blinking {!r, unknown}
 r - a scroll of immolation {!r, unknown}
 w - a scroll of teleportation {!r, unknown}
 x - a scroll of fog {!r, unknown}
Potions
 d - a potion of might {!q}
 g - a potion of degeneration {!q, unknown}
 h - a potion of lignification {!q, unknown}
 n - a potion of curing {!q, unknown}
 q - a potion of ambrosia {!q, unknown}
 u - a potion of stabbing {!q, unknown}
Comestibles
 f - 3 rations
 z - 2 chunks of flesh


   Skills:
 + Level 3.9 Fighting
 - Level 2.0 Axes
 + Level 3.8 Armour
 + Level 4.0 Dodging
 - Level 2.4 Shields


You had 5 spell levels left.
You didn't know any spells.
Your spell library was empty.

Dungeon Overview and Level Annotations

Branches:
Dungeon (4/15)
 Temple: D:4-7

Altars:
Fedhas
Nemelex Xobeh
Ru
Trog
Vehumet

Annotations:
D:3 1 runed translucent door, Amnesiac's ghost, weakling DEFi


Message History

The orc hits you with a +0 flail.
You closely miss the orc. You block the orc's attack.
You sock the orc!
You kill the orc!
No target in view!
No target in view!
No target in view!
x - a scroll labeled ZENYD TUROFF {!r}
Things that are here:
a +0 flail; 15 poisoned darts; an orc corpse
y - 15 poisoned darts Quiver which item? (- for none, * to show all) (? for menu, Esc to quit)
Quivering
y - 15 poisoned darts for throwing.
You butcher the orc corpse.
z - a chunk of flesh
Things that are here:
a +0 flail; an orc skeleton
Things that are here:
a +0 flail; an orc skeleton Eating a chunk of flesh.
You eat the chunk of flesh.
This raw flesh tastes terrible.
y - 16 poisoned darts (gained 1)
A leopard gecko comes into view.
A leopard gecko is nearby!
Throwing (i - inventory. (/) - cycle)
y - 16 poisoned darts (quivered)
Press: ? - help, Shift-Dir - straight line, f - leopard gecko
Aim: a leopard gecko You throw a poisoned dart.
The poisoned dart barely misses the leopard gecko.
Throwing (i - inventory. (/) - cycle)
y - 15 poisoned darts (quivered)
Press: ? - help, Shift-Dir - straight line, f/p - leopard gecko
Aim: a leopard gecko You throw a poisoned dart.
The poisoned dart hits the leopard gecko.
The leopard gecko is poisoned.
The leopard gecko completely misses you.
Found a sacrificial altar of Ru.
You puncture the leopard gecko!
You kill the leopard gecko!
No target in view!
No target in view!
You see here a leopard gecko corpse.
You butcher the leopard gecko corpse.
z - 2 chunks of flesh You see here a leopard gecko skeleton.
y - 15 poisoned darts (gained 1)
y - 16 poisoned darts (gained 1)
You enter the shallow water.
The ogre is too close now for your liking.
An ogre is nearby!
The ogre shouts!
Throwing (i - inventory. (/) - cycle)
y - 16 poisoned darts (quivered)
Press: ? - help, Shift-Dir - straight line, f - ogre
Aim: an ogre, wielding a +0 giant club You throw a poisoned dart.
The poisoned dart hits the ogre.
The ogre is poisoned.
You barely miss the ogre.
The ogre is lightly wounded.
The ogre hits you with a +0 giant club!
You thump the ogre!
The ogre is heavily wounded.
The ogre hits you with a +0 giant club!!
Ouch! That really hurt!
You die...

#.....#_....##.###.##
#...#####...##..##.#
#.....#.....###.##.#
#.....#.....###.##.#
..###≈#≈###..##.##.##
..#...#...#..##.##..
..#.......#..##.##(#
.####...####....##.##. #.# .#
..#.......#.....@O.##. #.# #.#
..#.......#..#####.##.##.#####.##
............... #.##.....#......
###.........## #...............
#.#...###.# .########...#......
#.###.# #># ...................
#.###.###.#########............
#..............#............#..
#####...................#..###.


You could see an ogre (poisoned).

Vanquished Creatures
  A phantom (D:3)
  A bullfrog skeleton (D:4)
  An orc priest (D:4)
  An orc wizard (D:1)
  A worker ant (D:4)
  A hound skeleton (D:4)
  Robin (D:4)
  3 adders (D:2)
  An ooze (D:2)
  A worm (D:2)
  A dart slug (D:1)
  A leopard gecko (D:4)
  7 orcs
  8 giant cockroaches
  11 goblins
  12 hobgoblins
  5 jackals
  2 quokkas
  9 bats
  3 frilled lizards
  2 jackal skeletons
  5 kobolds
  3 rats
81 creatures vanquished.

Notes
Turn   | Place    | Note
-------+----------+-------------------------------------------
     0 | D:1      | Amnesiac the Deep Elf Fighter began the quest for the Orb.
     0 | D:1      | Reached XP level 1. HP: 13/13 MP: 3/3
   123 | D:2      | Reached XP level 2. HP: 11/18 MP: 4/4
   414 | D:1      | Reached skill level 1 in Dodging
   605 | D:1      | Reached XP level 3. HP: 14/22 MP: 5/5
   884 | D:2      | Noticed an orc warrior
   907 | D:1      | Reached skill level 2 in Dodging
  1000 | D:2      | Reached XP level 4. HP: 23/28 MP: 6/6
  1273 | D:2      | Found a blossoming altar of Fedhas.
  1455 | D:3      | Found a runed translucent door.
  1465 | D:3      | Noticed Amnesiac's ghost (weakling DEFi)
  1517 | D:3      | Found a sparkling altar of Nemelex Xobeh.
  1575 | D:4      | Noticed a phantom
  1967 | D:4      | Noticed Robin
  1989 | D:4      | Killed Robin
  2050 | D:4      | Reached XP level 5. HP: 32/32 MP: 7/7
  2061 | D:4      | Reached skill level 3 in Dodging
  2124 | D:4      | Noticed an ogre
  2567 | D:3      | Found a radiant altar of Vehumet.
  2584 | D:3      | Killed a phantom
  2584 | D:3      | Reached XP level 6. HP: 9/38 MP: 8/8
  2725 | D:3      | Found a bloodstained altar of Trog.
  3385 | D:4      | Reached skill level 4 in Dodging
  3775 | D:4      | Found a sacrificial altar of Ru.
  3818 | D:4      | Slain by an ogre

Illustrated notes

Levels and vault maps discovered:
D:1:      lemuel_arrival_muddy, layout_basic
D:2:      layout_loops_cross, old_standard_altar
D:3:      minmay_angry_zag, layout_basic, fiery_altar_vehumet,
          nemelex_xobeh_ov_fountains_minmay, lightli_temple_of_fire,
          ebering_ghost_reflecting_pool
D:4:      layout_loops_ring, hangedman_ru_absence, chequers_mini_garden,
          minmay_increasing_density, uniq_robin

Skill      XL: |  1  2  3  4  5  6 |
---------------+-------------------+-----
Axes           | 2 |  2.0
Dodging        | 1 2 3 4 |  4.0
Fighting       | 3 |  3.9
Armour         | 3 |  3.8
Shields        | |  2.4

Action                   |  1- 3 |  4- 6 || total
-------------------------+-------+-------++-------
Melee: War axe           |   116 |    38 ||   154
       Morningstar       |       |   171 ||   171
 Fire: Hunting sling     |    15 |     2 ||    17
Throw: Stone             |       |    68 ||    68
       Dart              |       |     3 ||     3
  Eat: Chunk             |     1 |     9 ||    10
Armor: Scale mail        |    17 |       ||    17
       Chain mail        |    78 |   130 ||   208
Dodge: Dodged            |    16 |    42 ||    58
Block: Kite shield       |    69 |    94 ||   163

Table legend:
 A = Non-vault XP
 B = Vault XP
 C = Vault XP percentage of total XP
 D = Non-vault monster count
 E = Vault monster count
 F = Vault count percentage of total count
                 A         B        C        D         E       F
            +---------+---------+-------+---------+---------+-------
      Total |     426 |      67 |  13.6 |      68 |      13 |  16.0
            +---------+---------+-------+---------+---------+-------
        D:1 |      81 |       0 |   0.0 |      26 |       0 |   0.0
        D:2 |      72 |       0 |   0.0 |      15 |       0 |   0.0
        D:3 |     144 |       6 |   4.0 |      14 |       3 |  17.6
        D:4 |     129 |      61 |  32.1 |      13 |      10 |  43.5
            +---------+---------+-------+---------+---------+-------
